Map: Traitor's Exile

Players

ILIEKEGGPIE

  • Race: Protoss Protoss
  • League: Platinum
  • Spawn Location: 6:00

Decadence

  • Race: Protoss Protoss
  • Spawn Location: 5:00

Kobra

  • Race: Zerg Zerg
  • League: Platinum
  • Spawn Location: 9:00

Alyr

  • Race: Zerg Zerg
  • League: Platinum
  • Spawn Location: 12:00

VOD

Have the link to the VOD?

Description

Time

  • Played on: June 2, 2018, 3:36 p.m.
  • Length: 15:06
Show
View Real Time Build Order
Export as new Build Order

ILIEKEGGPIE Protoss 

Build Orders:  

Get SALT Encoding   

  12  0:06  Probe  
  13  0:18  Probe  
  14  0:24  Pylon  
  14  0:29  Probe  
  15  0:38  Probe  
  16  0:49  Gateway  
  16  0:50  Probe  
  17  1:02  Probe  
  17  1:04  Assimilator  
  18  1:12  Gateway  
  18  1:14  Probe  
  18  1:16  Assimilator  
  19  1:26  Probe  
  20  1:38  Probe  
  21  1:40  Pylon  
  21  1:50  Probe  
  22  2:02  Probe  
  22  2:06  Cybernetics Core  
  23  2:14  Probe  
  24  2:31  Probe  
  24  2:36  Nexus  
  25  2:38  Adept x2  
  25  2:40  Pylon  
  29  3:03  Warp Gate  
  29  3:07  Gateway  
  29  3:08  Gateway  
  29  3:24  Robotics Facility  
  29  3:27  Stalker  
  31  3:45  Stalker  
  33  4:03  Stalker x2  
  33  4:08  Pylon  
  37  4:12  Gateway  
  37  4:24  Immortal  
  27  5:07  Adept x3  
  33  5:18  Gateway  
  33  5:22  Gateway  
  33  5:27  Probe  
  33  5:31  Probe  
  35  5:36  Probe  
  36  5:43  Probe  
  36  5:44  Pylon  
  36  5:46  Adept x2, Probe  
  35  6:05  Immortal  
  39  6:14  Stalker x2  
  39  6:16  Sentry  
  36  6:36  Immortal, Pylon  
  36  6:43  Probe x2  
  42  6:50  Sentry x2  
  46  7:01  Gateway  
  46  7:03  Shield Battery  
  46  7:07  Gateway  
  46  7:08  Probe  
  46  7:12  Probe  
  48  7:24  Adept x2  
  48  7:26  Sentry  
  54  7:31  Pylon  
  54  7:45  Assimilator  
  54  7:49  Probe x2  
  56  8:01  Probe x2  
  58  8:13  Probe x2  
  58  8:17  Gateway  
  58  8:18  Pylon  
  60  8:25  Probe x2  
  62  8:34  Pylon  
  62  8:37  Probe x2  
  62  8:39  Forge  
  64  8:50  Observer  
  53  9:15  Stalker x2  
  57  9:17  Sentry  
  57  9:19  Stalker x3  
  53  9:33  Stalker  
  53  9:36  Immortal  
  59  9:43  Protoss Ground Weapons Level 1  
  59  9:46  Probe  
  59  9:49  Assimilator  
  59  9:51  Pylon  
  60  9:53  Pylon  
  60  9:59  Twilight Council  
  60  10:01  Stalker  
  60  10:02  Sentry, Pylon  
  60  10:03  Sentry x3  
  60  10:04  Stalker x2  
  74  10:08  Immortal  
  77  10:25  Resonating Glaives  
  77  10:41  Adept x6  
  77  10:42  Adept x2  
  93  11:11  Adept x2  
  95  11:12  Adept x2  
  101  11:20  Observer  
  100  11:39  Nexus  
  100  11:41  Pylon  
  100  11:46  Pylon  
  100  11:49  Robotics Facility  
  100  11:50  Probe, Robotics Bay  
  100  11:51  Probe  
  102  12:03  Probe  
  103  12:15  Pylon  
  103  12:25  Observer  
  98  12:53  Extended Thermal Lance  
  98  13:00  Colossus  
  98  13:04  Colossus  
  110  13:16  Probe x2  
  112  13:20  Gateway  
  112  13:21  Pylon  
  112  13:22  Shield Battery  
  112  13:24  Stalker  
  112  13:25  Stalker  
  112  13:26  Adept x5  
  126  13:27  Pylon  
  102  13:54  Colossus  
  76  14:11  Adept x4  
  76  14:12  Adept x3  
  79  14:32  Sentry  
  79  14:33  Stalker x4  
  79  14:34  Stalker  
Show
View Real Time Build Order
Export as new Build Order

Decadence Protoss 

Build Orders:  

Get SALT Encoding   

  12  0:06  Probe  
  13  0:18  Probe  
  14  0:27  Pylon  
  14  0:30  Probe  
  15  0:41  Assimilator  
  15  0:44  Probe  
  16  0:51  Gateway  
  16  0:52  Probe  
  17  1:00  Probe  
  18  1:12  Probe  
  18  1:13  Gateway  
  19  1:24  Probe  
  19  1:25  Assimilator  
  20  1:30  Zealot  
  20  1:35  Pylon  
  22  1:45  Pylon  
  22  1:48  Probe  
  23  2:00  Probe  
  24  2:03  Cybernetics Core  
  24  2:13  Zealot  
  24  2:14  Zealot  
  28  2:27  Forge  
  28  2:34  Warp Gate  
  28  2:41  Gateway  
  28  2:43  Pylon  
  28  2:51  Stalker  
  30  3:03  Stalker  
  32  3:35  Stalker  
  32  3:36  Stalker  
  32  3:37  Stalker  
  31  4:00  Nexus  
  31  4:05  Pylon  
  31  4:15  Probe  
  32  4:36  Stalker x2  
  36  4:39  Stalker  
  38  5:00  Zealot  
  38  5:01  Zealot  
  38  5:03  Zealot  
  44  5:18  Protoss Ground Weapons Level 1  
  44  5:21  Zealot, Probe  
  44  5:22  Zealot  
  49  5:29  Probe  
  50  5:36  Probe  
  50  5:38  Probe  
  52  5:49  Stalker  
  52  5:50  Probe  
  52  5:52  Sentry x2  
  51  6:13  Probe x2  
  51  6:14  Stalker  
  55  6:22  Stalker, Gateway  
  57  6:38  Probe x2  
  59  6:44  Stalker  
  61  6:48  Assimilator  
  61  6:50  Probe  
  61  6:51  Probe  
  61  6:52  Assimilator  
  63  6:57  Pylon  
  63  7:02  Probe  
  63  7:03  Gateway, Probe  
  63  7:08  Twilight Council  
  65  7:11  Protoss Ground Armor Level 1  
  65  7:13  Pylon  
  65  7:16  Probe  
  65  7:21  Probe  
  67  7:23  Sentry  
  67  7:25  Sentry  
  67  7:29  Probe  
  72  7:33  Probe  
  73  7:41  Probe  
  74  7:45  Blink, Probe  
  77  7:53  Pylon  
  77  7:56  Gateway  
  75  8:08  Probe, Pylon  
  75  8:09  Probe  
  75  8:11  Stalker x3  
  83  8:36  Nexus  
  83  8:52  Pylon  
  61  9:13  Stalker x3  
  61  9:14  Stalker x2  
  57  9:36  Stalker  
  57  9:38  Stalker x2  
  61  9:39  Stalker x2  
  61  9:41  Probe, Protoss Ground Weapons Level 2  
  61  9:42  Probe  
  67  9:46  Pylon  
  67  9:47  Charge, Pylon  
  67  9:53  Probe  
  67  9:54  Probe  
  69  10:01  Stalker x3  
  69  10:02  Sentry  
  69  10:04  Sentry  
  79  10:11  Templar Archives  
  79  10:18  Assimilator x2  
  79  10:31  Probe  
  79  10:33  Stalker x2  
  79  10:34  Stalker  
  86  10:50  High Templar x2  
  86  10:51  High Templar  
  86  10:56  High Templar  
  94  11:02  Archon  
  94  11:08  Archon  
  94  11:12  Zealot  
  94  11:13  Zealot  
  90  11:25  Sentry x2  
  90  11:33  Pylon  
  90  11:38  Robotics Facility  
  90  11:42  Stalker x2  
  90  11:43  Stalker x2  
  98  11:50  Stalker  
  98  11:51  Stalker, Pylon  
  102  11:58  Protoss Shields Level 1  
  92  12:27  Observer, High Templar x2  
  92  12:29  Stalker x3  
  102  12:30  Stalker  
  104  12:45  Psionic Storm  
  104  12:50  Archon  
  102  12:52  Stalker x2  
  102  12:53  Stalker x2  
  110  13:03  Stalker x2  
  114  13:06  Nexus  
  114  13:09  Pylon  
  114  13:12  Pylon  
  114  13:20  High Templar x2  
  118  13:27  Stalker, Zealot  
  118  13:28  Zealot x2  
  126  13:34  Gateway  
  126  13:35  Gateway  
  126  13:37  Gateway  
  126  13:40  Gateway  
  126  13:42  Pylon  
  112  14:00  Stalker  
  112  14:01  High Templar x3  
  118  14:14  Stalker x2  
  122  14:19  Probe x4  
  122  14:23  Assimilator  
  126  14:24  High Templar  
  128  14:35  Stalker  
  130  14:40  Pylon  
  130  14:41  High Templar, Pylon  
  130  14:43  Stalker, Zealot x2  
Show
View Real Time Build Order
Export as new Build Order

Kobra Zerg 

Build Orders: Hatch First 

Get SALT Encoding   

  12  0:01  Drone  
  13  0:13  Drone  
  14  0:18  Overlord  
  14  0:26  Drone, Extractor  
  15  0:36  Drone  
  15  0:42  Drone  
  17  0:57  Hatchery  
  17  0:58  Drone  
  17  1:05  Drone, Extractor  
  17  1:20  Spawning Pool  
  17  1:21  Extractor  
  17  1:24  Drone  
  16  1:28  Drone  
  17  1:45  Drone  
  19  2:16  Zergling x4  
  19  2:17  Queen x2  
  25  2:25  Overlord  
  25  2:26  Overlord  
  25  2:28  Drone  
  25  2:29  Drone  
  27  2:33  Metabolic Boost, Zergling x2  
  28  3:01  Drone x5  
  33  3:06  Lair  
  33  3:14  Drone x3, Extractor  
  34  3:29  Zergling x10  
  34  3:30  Zergling x4  
  34  3:32  Zergling x2  
  42  3:47  Drone x2  
  44  3:51  Overlord x2  
  44  4:01  Baneling Nest  
  43  4:03  Drone  
  43  4:05  Evolution Chamber, Drone  
  43  4:06  Evolution Chamber  
  43  4:08  Drone  
  44  4:17  Drone  
  43  4:55  Zergling x14  
  43  4:56  Zergling x10  
  54  5:06  Zerg Ground Armor Level 1, Zerg Melee Weapons Level 1  
  54  5:07  Centrifical Hooks  
  54  5:11  Baneling x2  
  54  5:13  Baneling  
  47  5:33  Baneling x5  
  47  5:37  Baneling  
  35  6:18  Extractor  
  35  6:19  Extractor  
  35  6:24  Hydralisk Den  
  32  6:30  Hatchery  
  32  6:32  Drone x4  
  35  6:33  Drone x2  
  35  6:36  Hatchery  
  35  6:37  Queen  
  35  6:38  Queen  
  40  6:44  Zergling x2  
  40  6:45  Zergling x6  
  44  6:47  Zergling x6  
  44  6:52  Overseer  
  47  7:04  Grooved Spines  
  47  7:05  Hydralisk x2  
  51  7:35  Zerg Missile Weapons Level 1  
  51  7:48  Drone x3  
  51  7:49  Drone x7  
  51  7:50  Drone x2  
  63  7:52  Zerg Ground Armor Level 2  
  63  7:54  Zergling x10  
  68  8:06  Spore Crawler  
  67  8:22  Infestation Pit  
  67  8:24  Muscular Augments  
  66  8:29  Hydralisk x2  
  66  8:30  Hydralisk  
  66  8:32  Overlord x2  
  66  8:33  Overlord x3  
  72  8:43  Lurker Den  
  67  8:55  Hydralisk x5  
  65  8:57  Zergling x4  
  65  8:58  Zergling x14  
  65  8:59  Zergling x2  
  65  9:00  Zergling x2  
  74  9:29  Hydralisk x3  
  74  9:30  Hydralisk x4  
  85  9:42  Hydralisk x3  
  91  10:05  Extractor  
  90  10:10  Extractor  
  90  10:12  Hive  
  89  10:14  Lurker  
  89  10:15  Lurker  
  89  10:17  Overlord x3  
  89  10:18  Overlord  
  91  10:25  Drone x3  
  91  10:27  Drone x3  
  97  10:29  Drone x3  
  100  10:42  Zergling x10  
  105  10:43  Zergling x2  
  106  10:51  Baneling x7  
  106  10:52  Baneling  
  106  10:56  Extractor x2  
  104  11:08  Hatchery  
  90  11:25  Hydralisk x4  
  72  11:26  Hydralisk  
  80  11:42  Hydralisk  
  80  11:43  Hydralisk x3  
  88  11:51  Hydralisk x2  
  91  12:42  Zergling x12  
  91  12:43  Zergling x8  
  91  12:44  Zergling x12  
  101  12:45  Zergling x14  
  102  13:11  Hydralisk  
  102  13:12  Hydralisk x2  
  106  13:16  Drone  
  106  13:17  Drone  
  106  13:19  Drone  
  111  13:27  Adrenal Glands  
  92  14:04  Hydralisk  
  92  14:05  Hydralisk x6  
  92  14:06  Viper x4  
  118  14:14  Hydralisk x2  
  122  14:20  Drone x3  
Show
View Real Time Build Order
Export as new Build Order

Alyr Zerg 

Build Orders: Hatch First, Swarm Host 

Get SALT Encoding   

  12  0:03  Drone  
  13  0:08  Drone  
  14  0:17  Overlord  
  14  0:37  Drone x3  
  17  0:57  Drone  
  17  1:00  Hatchery  
  17  1:01  Drone  
  18  1:11  Extractor  
  18  1:17  Spawning Pool  
  16  1:22  Drone  
  16  1:24  Drone  
  18  1:33  Drone  
  19  1:44  Overlord  
  19  2:09  Roach Warren  
  19  2:10  Queen  
  19  2:12  Drone x2  
  19  2:14  Queen  
  24  2:18  Drone  
  24  2:22  Drone  
  25  2:26  Drone  
  25  2:29  Drone  
  27  2:36  Overlord  
  27  2:44  Overlord  
  27  2:54  Roach  
  27  2:55  Roach  
  27  2:56  Roach  
  33  3:03  Roach  
  35  3:06  Roach  
  35  3:08  Roach  
  39  3:25  Roach x3  
  39  3:26  Roach  
  45  3:39  Drone  
  46  3:41  Roach  
  46  3:42  Roach x2  
  52  3:49  Extractor  
  52  3:50  Overlord  
  51  4:10  Drone x3  
  51  4:12  Drone x2  
  56  4:32  Roach x2  
  56  5:01  Roach x2  
  56  5:02  Overlord x3  
  56  5:17  Roach x3  
  56  5:18  Roach  
  56  5:19  Roach x2  
  58  5:26  Roach  
  58  5:28  Roach  
  62  5:33  Roach  
  66  5:43  Hatchery, Roach x2  
  67  5:58  Roach x3  
  67  5:59  Roach x3  
  79  6:10  Roach  
  81  6:11  Roach x2  
  81  6:16  Lair  
  55  6:40  Drone x3  
  55  6:41  Drone  
  55  6:42  Drone x2  
  59  6:59  Roach  
  59  7:00  Roach  
  63  7:03  Drone  
  63  7:04  Drone  
  63  7:08  Drone x2, Queen  
  67  7:13  Glial Reconstitution  
  67  7:15  Drone x2  
  70  7:16  Drone  
  70  7:17  Drone x2  
  70  7:21  Roach x3  
  80  7:29  Roach  
  82  7:31  Roach  
  82  7:32  Drone x2  
  86  7:44  Queen  
  86  7:46  Extractor x2  
  86  7:50  Hydralisk Den  
  85  7:53  Drone x2, Nydus Network  
  85  7:54  Drone  
  85  7:57  Drone x3  
  90  8:00  Overlord  
  90  8:04  Overlord x2  
  90  8:20  Infestation Pit  
  89  8:29  Roach x3  
  89  8:30  Roach  
  89  8:32  Roach x2  
  101  8:38  Drone  
  101  8:39  Drone  
  101  8:40  Drone  
  104  8:41  Drone  
  104  8:42  Drone x3  
  102  8:58  Roach x4  
  102  8:59  Roach  
  102  9:00  Roach  
  102  9:02  Overlord  
  84  9:10  Roach  
  84  9:11  Roach  
  84  9:16  Roach  
  82  9:17  Roach x5  
  82  9:18  Roach  
  82  9:19  Roach x2  
  82  9:20  Roach  
  96  9:33  Roach  
  98  9:40  Drone x2  
  100  9:45  Swarm Host  
  100  9:46  Swarm Host x2  
  109  9:56  Extractor  
  109  9:57  Drone x3  
  109  9:59  Extractor  
  110  10:03  Swarm Host  
  110  10:06  Overlord x2  
  113  10:13  Overlord  
  113  10:14  Overlord  
  113  10:25  Swarm Host x4  
  125  10:30  Drone x3  
  125  10:35  Swarm Host  
  128  10:38  Swarm Host  
  128  10:39  Swarm Host x2  
  140  10:46  Drone x3  
  143  10:57  Burrow  
  142  11:27  Hydralisk  
  142  11:28  Hydralisk  
  142  11:29  Overlord x4  
  146  11:43  Nydus Canal  
  146  11:47  Hydralisk x4  
  146  11:51  Hydralisk x5  
  164  11:55  Hydralisk, Hive  
  164  11:56  Hydralisk x2  
  167  12:28  Muscular Augments  
  167  12:29  Hydralisk  
  169  12:31  Overlord x3  
  169  12:54  Hydralisk x4  
  177  13:28  Hydralisk x2  
  177  13:29  Hydralisk x4  
  177  13:30  Hydralisk x2  
  177  13:32  Hatchery, Hydralisk  
  177  13:33  Overlord  
  194  13:34  Overlord x3  
  194  13:35  Overlord x2  
  194  13:40  Grooved Spines  
  158  13:55  Hydralisk x2  
  156  14:16  Hydralisk x2  
  160  14:17  Hydralisk  
  160  14:18  Hydralisk x2  
  160  14:19  Hydralisk x3  
  160  14:20  Hydralisk x9  
  160  14:21  Hydralisk  
Tags
 
Add a new tag
Caveats
  • Supply blocks, unpowered buildings, or Contaminate may cause inaccurate times.
  • Supply counts are checked every 10 seconds.